 Dungeon Crawl Stone Soup version 0.22-a0-880-gb7b0c8b (webtiles) character file.

52 iamserjio the Chiller (level 3, -3/24 HPs)
             Began as a Barachi Ice Elementalist on July 30, 2018.
             Slain by a worm (6 damage)
             ... on level 2 of the Dungeon.
             The game lasted 00:03:58 (683 turns).

iamserjio the Chiller (Barachi Ice Elementalist)     Turns: 683, Time: 00:03:59

Health: -3/24      AC:  2    Str:  9    XL:     3   Next: 85%
Magic:  0/7        EV: 12    Int: 16    God:
Gold:   26         SH:  0    Dex: 12    Spells: 4/8 levels left

rFire    . . .     SeeInvis .   d - +0 whip (curse)
rCold    . . .     Gourm    .   (no shield)
rNeg     . . .     Faith    .   a - +0 robe
rPois    .         Spirit   .   (no helmet)
rElec    .         Reflect  .   (no cloak)
rCorr    .         Harm     .   (no gloves)
MR       .....                  (no boots)
Stlth    ++........             (no amulet)
HPRegen  0.08/turn              (no ring)
MPRegen  0.10/turn              (no ring)

@: slow
A: +LOS, swims, slowness 1, strong legs 1
a: Hop


You were on level 2 of the Dungeon.
You were not hungry.

You visited 1 branch of the dungeon, and saw 2 of its levels.

You collected 26 gold pieces.

Inventory:

Hand Weapons
 d - a cursed +0 whip (weapon)
 e - a cursed -1 dagger
 f - a +0 short sword
Armour
 a - a +0 robe (worn)
Scrolls
 g - a scroll of teleportation {unknown}
 h - 2 scrolls of identify {unknown}
 i - a scroll of immolation {unknown}
Potions
 b - 2 potions of curing {unknown}
Comestibles
 c - a ration


   Skills:
 - Level 2.1 Dodging
 - Level 1.7 Stealth
 + Level 3.3 Spellcasting
   Level 1.1 Conjurations
 + Level 4.7 Ice Magic


You had 4 spell levels left.
You knew the following spells:

 Your Spells              Type           Power        Failure   Level  Hunger
a - Freeze                Ice            ###.         2%          1    None
b - Ozocubu's Armour      Chrm/Ice       ##......     21%         3    ###....

Your spell library contained the following spells:

 Spells                   Type           Power        Failure   Level  Hunger
 Throw Frost              Conj/Ice       ##....       9%          2    ##.....
 Summon Ice Beast         Ice/Summ       ##......     56%         4    ####...
 Throw Icicle             Conj/Ice       ##......     47%         4    ####...


Dungeon Overview and Level Annotations

Branches:
Dungeon (2/15)

Altars:


Innate Abilities, Weirdness & Mutations

Shadows flee at your approach. (+LOS)
You can swim through water.
You cover ground slowly.
You can hop short distances.


Message History

You freeze the worm.
The worm is heavily wounded.
Casting: Freeze (safe; 2% risk of failure)
Confirm with . or Enter, or press ? or * to list all spells.
Aiming: Freeze (safe; 2% risk of failure)
Press: ? - help, Shift-Dir - straight line, f/p - worm
Aim: a worm (heavily wounded)
You freeze the worm.
The worm is severely wounded.
The worm bites you!
You hit the worm.
The worm is severely wounded.
The worm bites you.
* * * LOW HITPOINT WARNING * * *
You hit the worm.
The worm is almost dead.
You barely miss the worm.
The worm is almost dead.
The worm bites you.
You die...

##... ####
##.... #...#
#.....
#######.....
+.....
##....#.# #.#
#.....
#.......# #.#
#....
#.###.### #w#
#... #.# #@#
###..
#.#####.#
#....
#.......#
#.##.
#########
#.##. #.##.
#.#######.#..
#.......#....
#.#....
#......


You could see a worm.

Vanquished Creatures
  2 adders (D:2)
  An ooze (D:1)
  A dart slug (D:1)
  2 bats
  3 giant cockroaches (D:1)
  A goblin (D:2)
  3 hobgoblins
  2 jackals (D:2)
  2 frilled lizards (D:2)
  4 kobolds (D:1)
  5 rats
26 creatures vanquished.

Notes
Turn   | Place    | Note
-------+----------+-------------------------------------------
     0 | D:1      | iamserjio the Barachi Ice Elementalist began the quest for the Orb.
     0 | D:1      | Reached XP level 1. HP: 13/13 MP: 3/3
    75 | D:1      | Reached skill level 4 in Ice Magic
    75 | D:1      | Reached XP level 2. HP: 12/19 MP: 0/5
   441 | D:2      | Reached XP level 3. HP: 10/24 MP: 1/7
   449 | D:2      | Learned a level 3 spell: Ozocubu's Armour
   683 | D:2      | Slain by a worm

Vault maps used:
D:1:      dpeg_arrival_oval, st_stairs_14, roderic_serpentine_path
D:2:      marbit_many_paths, overflow_temple_1_default

Skill      XL: |  1  2 |
---------------+-------+-----
Ice Magic      | 4 |  4.7
Spellcasting   | 3 |  3.3
Dodging        | |  2.1
Stealth        | |  1.7
Conjurations   | |  1.1

Action                   || total
-------------------------++-------
Melee: Whip              ||    10
 Cast: Freeze            ||    47
Armor: Robe              ||     6
Dodge: Dodged            ||    20

Table legend:
 A = Spawn XP
 B = Non-spawn XP
 C = Spawn XP percentage of total XP
 D = Spawn monster count
 E = Non-spawn monster count
 F = Spawn count percentage of total count
 G = Total turns spent on level
                    A         B        C        D         E        F      G
               +---------+---------+-------+---------+---------+-------+---------
         Total |       0 |      75 |   0.0 |       0 |      26 |   0.0 |   683
               +---------+---------+-------+---------+---------+-------+---------
           D:1 |       0 |      33 |   0.0 |       0 |      15 |   0.0 |   468
           D:2 |       0 |      42 |   0.0 |       0 |      11 |   0.0 |   215
               +---------+---------+-------+---------+---------+-------+---------
